 Dungeon Crawl Stone Soup version 0.32-a0-132-g2d33c3cfaf (webtiles) character file.

Game seed: 13072854667854812197

22 senseless the Scratcher (level 2, -1/14 HPs)
             Began as a Felid Shapeshifter on Feb 9, 2024.
             Slain by a quokka (3 damage)
             ... on level 1 of the Dungeon.
             The game lasted 00:00:52 (544 turns).

senseless the Scratcher (Felid Shapeshifter)         Turns: 544, Time: 00:00:53

Health: -1/14      AC:  1    Str: 10    XL:     2   Next: 68%
Magic:  3/3        EV: 17    Int: 13    God:
Gold:   44         SH:  0    Dex: 15    Spells: 1/1 levels left
                                        Lives:  0   Deaths: 1

rFire   . .          .
                       - Unarmed
rCold   . . .        (shield unavailable)
rNeg    . . .        (body armour unavailable)
rPois   .            (helmet unavailable)
rElec   .            (cloak unavailable)
rCorr   .            (gloves unavailable)
SInv    +            (boots unavailable)
Will    .....        (no amulet)
Stlth   ++           (no ring)
HPRegen 0.22/turn    (no ring)
MPRegen 0.08/turn

%: no passive effects
@: beast-form
A: beast (slay +1), very small, claws 1, fangs 3, see invisible, shaggy fur 1,
stealthy paws, no weapons or thrown items, no armour, multi-lived
a: Begin Untransformation


You were on level 1 of the Dungeon.
You were a hulking beast.
You visited 1 branch of the dungeon, and saw 1 of its levels.

You collected 44 gold pieces.

Inventory:

Talismans
 b - a beast talisman
 c - a flux talisman
Scrolls
 d - a scroll of enchant weapon {unknown}
 e - a scroll of teleportation {unknown}
 f - a scroll of poison {unknown}
Potions
 a - a potion of lignification


   Skills:
 + Level 1.4 Fighting
 + Level 3.1 Dodging
 + Level 1.3 Stealth
 + Level 3.2 Unarmed Combat
 + Level 2.8 Shapeshifting


You had one spell level left.
You didn't know any spells.
Your spell library was empty.

Dungeon Overview and Level Annotations

Branches:
Dungeon (1/15)

Altars:


Innate Abilities, Weirdness & Mutations

You are a hulking beast.
Your limbs bulge with bestial killing power. (Slay +1)
You have sharp claws.
You have razor-sharp teeth.
You have supernaturally acute eyesight. (SInv)
You are covered in fur. (AC +1)
Your paws help you pounce on unaware monsters.
You are incapable of wielding weapons or throwing items.
You cannot wear armour.
You gain extra lives every three experience levels.


Message History

No target in view!
No target in view!
You see here a +0 club.
You see here a quokka skeleton.
Things that are here:
a +0 dagger; a kobold skeleton; a ball python skeleton You open the door.
There is an open door here.
A quokka comes into view.
An endoplasm comes into view.
The quokka misses you.
You closely miss the quokka. You bite the quokka.
The quokka is moderately wounded.
The quokka bites you.
You closely miss the quokka.
The quokka is moderately wounded.
The quokka twitches its whiskers.
The quokka barely misses you.
You closely miss the quokka.
The quokka is lightly wounded.
The quokka barely misses you.
You scratch the quokka.
The quokka is severely wounded.
The quokka bites you.
You barely miss the quokka.
The quokka is severely wounded.
The quokka bites you.
* * * LOW HITPOINT WARNING * * *
The quokka bites you.
* * * LOW HITPOINT WARNING * * *
You are too injured to fight recklessly!
You are too injured to fight recklessly!
You are too injured to fight recklessly!
You are too injured to fight recklessly!
You are too injured to fight recklessly!
You barely miss the quokka.
The quokka is severely wounded.
The endoplasm quivers.
The quokka bites you.
You die...

#.#.#.....#.##.. #.####.#..#..
#.#################...##.#..#.ß
#.#..............####.##.#..#..
#.'...............##.....#..+.ß
###................##..###.##..
##############....#.......#.ß
##...#......##..
#########....###.##.#### ###
.J....rh....##.#........ #..
...........###.###..#### #.#
..........##.#.# #...... #.#
#############.#.####....> #.#
#...........#............
##.######...........#.#..........
....................########.....
########.................†...#'#'
#...........#########.#.#.


You could see an endoplasm and a quokka.

Vanquished Creatures
  2 endoplasms (D:1)
  3 giant cockroaches (D:1)
  3 goblins (D:1)
  2 hobgoblins (D:1)
  2 quokkas (D:1)
  2 ball pythons (D:1)
  A bat (D:1)
  2 frilled lizards (D:1)
  A kobold (D:1)
  A rat (D:1)
19 creatures vanquished.

Notes
Turn   | Place    | Note
-------+----------+-------------------------------------------
     0 | D:1      | senseless the Felid Shapeshifter began the quest for the
                  | Orb.
     0 | D:1      | Reached XP level 1. HP: 10/10 MP: 2/2
    44 | D:1      | Succumbed to a goblin's poison
    44 | D:1      | Lost a life (0 lives remaining)
   218 | D:1      | Reached XP level 2. HP: 14/14 MP: 3/3
   224 | D:1      | Reached skill level 1 in Stealth
   544 | D:1      | Slain by a quokka

Illustrated notes

Levels and vault maps discovered:
D:1:      doesnt_arrival_eight_statues, layout_basic, nrook_uturn

Skill      XL: |  1  2 |
---------------+-------+-----
Stealth        | 1 |  1.3
Dodging        | 3 |  3.1
Fighting       | |  1.4
Unarmed Combat | |  3.2
Shapeshifting  | |  2.8

Action                     || total
---------------------------++-------
  Melee: Unarmed           ||    41
         Bite              ||     1
   Stab: Sleeping          ||     3
 Armour: Skin              ||    13
  Dodge: Dodged            ||    23

Table legend: (Time is in decaauts)
 A = Elapsed time spent in this place.
 B = Non-inter-level travel time spent in this place.
 C = Inter-level travel time spent in this place.
 D = Time resting spent in this place.
 E = Time spent auto-exploring this place.
 F = Levels seen in this place.
 G = Mean time per level.
                   A        B        C        D        E       F      G
               +--------+--------+--------+--------+--------+-----+--------+
         Total |    541 |    541 |      0 |      0 |    422 |   1 |  541.0 |
       Dungeon |    541 |    541 |      0 |      0 |    422 |   1 |  541.0 |
               +--------+--------+--------+--------+--------+-----+--------+

Top non-repeatable levels by time:
     D:1: 541 daAuts
